 Dungeon Crawl Stone Soup version 0.27.0-1-g7a089689b8 (webtiles) character file.

Game seed: 11732385298228089160

246 wakim the Covered (level 5, -11/47 HPs)
             Began as a Minotaur Fighter on Aug 6, 2021.
             Mangled by an orc warrior (21 damage)
             ... on level 3 of the Dungeon.
             The game lasted 00:05:00 (3243 turns).

wakim the Covered (Minotaur Fighter)                Turns: 3243, Time: 00:05:01

Health: -11/47     AC:  8    Str: 21    XL:     5   Next: 84%
Magic:  4/4        EV:  9    Int:  6    God:
Gold:   107        SH:  0    Dex:  9    Spells: 4/4 levels left

rFire    . . .     SeeInvis .   b - +0 morningstar
rCold    . . .     Faith    .   (no shield)
rNeg     . . .     Spirit   .   q - +0 scale mail
rPois    .         Reflect  .   (helmet restricted)
rElec    .         Harm     .   (no cloak)
rCorr    +         Rampage  .   l - +0 pair of gloves
Will     .....                  (no boots)
Stlth    ..........             (no amulet)
HPRegen  0.15/turn              d - ring of resist corrosion
MPRegen  0.09/turn              (no ring)

@: no status effects
A: horns 2, retaliatory headbutt
a: no special abilities


You were on level 3 of the Dungeon.
You visited 1 branch of the dungeon, and saw 4 of its levels.

You collected 107 gold pieces.

Inventory:

Hand Weapons
 a - a +0 flail
 b - a +0 morningstar (weapon)
Missiles
 e - 3 boomerangs (quivered)
Armour
 c - a +0 kite shield
 l - a +0 pair of gloves (worn)
 q - a +0 scale mail (worn)
Jewellery
 d - a ring of resist corrosion (left hand)
Scrolls
 f - a scroll of vulnerability {unknown}
 g - a scroll of teleportation {unknown}
 i - a scroll of magic mapping {unknown}
 o - a scroll of noise {unknown}
 r - a scroll of identify {unknown}
Potions
 h - a potion of degeneration {unknown}
 j - a potion of haste {unknown}
 k - a potion of berserk rage {unknown}
 m - a potion of heal wounds {unknown}
 n - a potion of cancellation {unknown}
 p - a potion of ambrosia {unknown}
 N - a potion of might


   Skills:
 + Level 4.6 Fighting
 * Level 4.7 Maces & Flails
 * Level 5.4 Armour
 + Level 4.6 Shields


You had 4 spell levels left.
You didn't know any spells.
Your spell library contained the following spells:

 Spells                   Type           Power      Damage    Failure   Level
 Foxfire                  Conj/Fire      0%         2x1d4     77%         1
 Poisonous Vapours        Pois/Air       0%         N/A       88%         2
 Conjure Flame            Conj/Fire      0%         6-21      98%         3
 Inner Flame              Hex/Fire       0%         N/A       98%         3
 Airstrike                Air            0%         N/A       100%        4
 Lightning Bolt           Conj/Air       0%         1d11      100%        5
 Chain Lightning          Conj/Air       0%         N/A       100%        9


Dungeon Overview and Level Annotations

Branches:
Dungeon (4/15)
 Temple: D:4-7

Altars:
Nemelex Xobeh
Yredelemnul
The Shining One

Shops:
D:1 *


Innate Abilities, Weirdness & Mutations

You have a pair of horns on your head.
You reflexively headbutt those who attack you in melee.


Message History

Press: ? - help, Dir - move target, f - orc wizard
Aim: an orc wizard, wielding a +0 dagger and wearing a +0 robe (about 57% to evade your +0 morningstar)
Okay, then.
a - a +0 flail (weapon)
The orc shouts!
Hit: a) +0 flail
Press: ? - help, Dir - move target, f - orc wizard
Aim: an orc wizard, wielding a +0 dagger and wearing a +0 robe (about 53% to evade your +0 flail)
Okay, then.
You hit the orc wizard.
The orc wizard is heavily wounded.
The orc wizard hits you with a +0 dagger.
You thump the orc wizard!
You kill the orc wizard!
You hit the orc warrior.
The orc warrior is lightly wounded.
The orc warrior hits you with a +0 war axe!
Hit: a) +0 flail
Press: ? - help, Dir - move target, f - orc warrior
Aim: an orc warrior, wielding a +0 war axe and wearing a +0 plate armour (lightly wounded, about 44% to evade your +0 flail)
Okay, then.
b - a +0 morningstar (weapon)
The orc warrior hits you with a +0 war axe!
Unknown command.
You see here 26 stones.
There is a stone staircase leading up here.
The orc warrior hits you with a +0 war axe!
* * * LOW HITPOINT WARNING * * *
You climb upwards.
There is a stone staircase leading down here.
The orc warrior barely misses you.
Your scale mail prevents you from hitting the orc warrior.
The orc warrior hits you with a +0 war axe.
* * * LOW HITPOINT WARNING * * *
You closely miss the orc warrior.
You headbutt the orc warrior, but do no damage.
The orc warrior hits you with a +0 war axe!
* * * LOW HITPOINT WARNING * * *
The orc warrior hits you with a +0 war axe!!
You die...

#.#...........#
##########'#...........#
##>......................
#.....#####.............#
#.#####...#####.........#
#.'....._.....'.........+
#.#####...#####.........#
#...(.#####.............#
#.......@o..#############
##......##### #......#
########### #......#
#.........#
#.....######......<..#
#..........#.........#
#..........#.........#
#............[.......#
####.................#


You could see an orc warrior.

Vanquished Creatures
  A water moccasin (D:3)
  An orc wizard (D:4)
  3 gnolls (D:2)
  2 adders
  2 worms (D:2)
  A dart slug (D:2)
  2 ball pythons
  7 endoplasms
  6 giant cockroaches
  6 hobgoblins
  8 jackals
  A quokka (D:1)
  3 bats
  2 frilled lizards
  6 goblins
  7 kobolds
  3 rats
61 creatures vanquished.

Notes
Turn   | Place    | Note
-------+----------+-------------------------------------------
     0 | D:1      | wakim the Minotaur Fighter began the quest for the Orb.
     0 | D:1      | Reached XP level 1. HP: 19/19 MP: 0/0
   165 | D:1      | Found Tokkas Xaask's Assorted Antiques.
   202 | D:1      | Reached XP level 2. HP: 27/27 MP: 1/1
   426 | D:1      | Reached skill level 4 in Armour
   668 | D:1      | Reached XP level 3. HP: 15/33 MP: 2/2
  1013 | D:1      | Got the Reference Book on Lightness
  1270 | D:1      | Found a faded altar of an unknown god.
  1472 | D:2      | Reached XP level 4. HP: 17/40 MP: 3/3
  2190 | D:3      | Found a sparkling altar of Nemelex Xobeh.
  2215 | D:3      | Found a basalt altar of Yredelemnul.
  2363 | D:3      | Noticed a water moccasin
  2382 | D:3      | Killed a water moccasin
  2383 | D:3      | Reached skill level 5 in Armour
  2383 | D:3      | Reached XP level 5. HP: 13/47 MP: 4/4
  2979 | D:3      | Found a glowing golden altar of the Shining One.
  3196 | D:4      | Noticed an orc warrior
  3243 | D:3      | Mangled by an orc warrior

Illustrated notes

Levels and vault maps discovered:
D:1:      dpeg_arrival_morbid_curiosity, layout_loops_ring,
          hellmonk_ecumenical_altar_inner_sanctum, serial_shops,
          nicolae_shop_overgrown_old_shop, serial_bayou_pond_e
D:2:      layout_rooms, minmay_fountain_box
D:3:      layout_basic, mainiacjoe_overflow_surrounded_room,
          mainiacjoe_overflow_catch_the_wave
D:4:      layout_rooms, minmay_bisected

Skill      XL: |  1  2  3  4 |
---------------+-------------+-----
Armour         | 4 5 |  5.4
Maces & Flails | 3 4 |  4.7
Fighting       | 4 |  4.6
Shields        | 4 |  4.6

Action                   |  1- 3 |  4- 6 || total
-------------------------+-------+-------++-------
Melee: Flail             |   113 |    48 ||   161
       Headbutt          |    16 |     9 ||    25
       Morningstar       |       |     2 ||     2
Armor: Scale mail        |    87 |    24 ||   111
Dodge: Dodged            |    61 |    30 ||    91
